 Dungeon Crawl Stone Soup version 0.27-a0-40-g5f2be0e231 (webtiles) character file.

Game seed: 5940086003867159676

73 kae the Chopper (level 4, 0/41 HPs)
             Began as a Hill Orc Fighter on Jan 5, 2021.
             Slain by a white imp (5 damage)
             ... summoned by Natasha
             ... on level 2 of the Dungeon.
             The game lasted 00:00:38 (1440 turns).

kae the Chopper (Hill Orc Fighter)                  Turns: 1440, Time: 00:00:39

Health: 0/41       AC:  6    Str: 19    XL:     4   Next: 27%
Magic:  4/4        EV:  7    Int:  8    God:
Gold:   69         SH:  9    Dex: 10    Spells: 3/3 levels left

rFire    . . .     SeeInvis .   a - +0 war axe
rCold    . . .     Faith    .   c - +0 kite shield
rNeg     . . .     Spirit   .   b - +0 scale mail
rPois    .         Reflect  .   (no helmet)
rElec    .         Harm     .   (no cloak)
rCorr    .         Rampage  .   (no gloves)
Will     .....                  (no boots)
Stlth    ..........             (no amulet)
HPRegen  0.13/turn              (no ring)
MPRegen  0.09/turn              (no ring)

@: no status effects
A: no striking features
a: no special abilities


You were on level 2 of the Dungeon.
You visited 1 branch of the dungeon, and saw 2 of its levels.

You collected 69 gold pieces.

Inventory:

Hand Weapons
 a - a +0 war axe (weapon)
Armour
 b - a +0 scale mail (worn)
 c - a +0 kite shield (worn)
Scrolls
 e - 3 scrolls of identify {unknown}
 g - a scroll of blinking {unknown}
 h - a scroll of remove curse {unknown}
 j - a scroll of teleportation {unknown}
Potions
 d - a potion of might
 f - a potion of brilliance {unknown}
 i - a potion of haste {unknown}
 k - a potion of heal wounds {unknown}


   Skills:
 + Level 4.5 Fighting
 * Level 5.0 Axes
 - Level 3.2 Armour
 - Level 3.2 Shields


You had 3 spell levels left.
You didn't know any spells.
Your spell library contained the following spells:

 Spells                   Type           Power        Failure   Level
 Corona                   Hex            0%           99%         1
 Ensorcelled Hibernation  Hex/Ice        0%           100%        2
 Confusing Touch          Hex            0%           100%        3
 Dazzling Flash           Conj/Hex       0%           100%        3
 Tukima's Dance           Hex            0%           100%        3


Dungeon Overview and Level Annotations

Branches:
Dungeon (2/15)

Altars:
Dithmenos
Uskayaw

Annotations:
D:2 Natasha


Message History

You barely miss the white imp. You hit the shadow imp.
You slash the shadow imp!
You kill the shadow imp!
You block the white imp's attack.
The shadow imp grinds its teeth.
The shadow imp hits you. Natasha claws you.
* * * LOW HITPOINT WARNING * * *
You barely miss Natasha.
Natasha is severely wounded.
You closely miss the shadow imp. You hit the white imp.
The white imp gestures at you. You block the puff of frost.
You block the shadow imp's attack.
Natasha howls an incantation.
You feel disoriented. Natasha claws you.
* * * LOW HITPOINT WARNING * * *
The white imp hits you.
* * * LOW HITPOINT WARNING * * *
The white imp freezes you.
You die...

#.##..#.#.#
#.....#
#.##.##.#.#
####### .
#.#### #.# .#
##.##+#'#####
.#
............#
#
#..#........#
#........#
#........#
#..).@5..#
#$..5h...#
#........#
#........#
#........#
##########


You could see Natasha, a white imp (summoned) and a shadow imp (summoned).

Vanquished Creatures
  3 adders (D:2)
  A worm (D:2)
  2 dart slugs
  A leopard gecko (D:1)
  5 goblins (D:2)
  6 hobgoblins
  4 jackals (D:1)
  A quokka (D:2)
  7 bats
  3 frilled lizards (D:1)
  3 kobolds
  3 rats
39 creatures vanquished.

Notes
Turn   | Place    | Note
-------+----------+-------------------------------------------
     0 | D:1      | kae the Hill Orc Fighter began the quest for the Orb.
     0 | D:1      | Reached XP level 1. HP: 19/19 MP: 1/1
    35 | D:1      | Reached skill level 3 in Axes
   302 | D:1      | Reached XP level 2. HP: 27/27 MP: 2/2
   626 | D:1      | Reached skill level 4 in Axes
   913 | D:2      | Reached XP level 3. HP: 33/33 MP: 3/3
  1178 | D:2      | Found a shadowy altar of Dithmenos.
  1300 | D:2      | Found a hide-covered altar of Uskayaw.
  1354 | D:2      | Reached XP level 4. HP: 39/41 MP: 4/4
  1404 | D:2      | Reached skill level 5 in Axes
  1431 | D:2      | Noticed Natasha
  1440 | D:2      | Slain by a white imp

Illustrated notes

Levels and vault maps discovered:
D:1:      dpeg_arrival_connections, layout_basic, minmay_tree_intersection
D:2:      layout_basic, nicolae_overflow_crystal_walls, kiku_gazebo_pond_becter,
          grunt_dithmenos_smoke, serial_glass, glass_columns_a, glass_columns_b,
          glass_columns_a, glass_columns_b, uniq_natasha

Skill      XL: |  1  2  3  4 |
---------------+-------------+-----
Axes           | 3 4 5 |  5.0
Fighting       | 4 |  4.5
Armour         | |  3.2
Shields        | |  3.2

Action                   |  1- 3 |  4- 6 || total
-------------------------+-------+-------++-------
Melee: War axe           |    89 |    16 ||   105
Armor: Scale mail        |    45 |    10 ||    55
Dodge: Dodged            |    22 |     6 ||    28
Block: Kite shield       |    44 |    14 ||    58

Table legend: (Time is in decaauts)
 A = Elapsed time spent in this place.
 B = Non-inter-level travel time spent in this place.
 C = Inter-level travel time spent in this place.
 D = Time resting spent in this place.
 E = Time spent auto-exploring this place.
 F = Levels seen in this place.
 G = Mean time per level.
                   A        B        C        D        E       F      G
               +--------+--------+--------+--------+--------+-----+--------+
         Total |   1478 |   1469 |      9 |    205 |   1013 |   2 |  739.0 |
       Dungeon |   1478 |   1469 |      9 |    205 |   1013 |   2 |  739.0 |
               +--------+--------+--------+--------+--------+-----+--------+

Top non-repeatable levels by time:
     D:1: 925 daAuts
     D:2: 552 daAuts
